 Dungeon Crawl Stone Soup version 0.19.1-1-g22dce08 (webtiles) character file.

17306 Alarkh the Dealer of Despair (level 12, -1/74 HPs)
             Began as a Mummy Necromancer on Jan 11, 2017.
             Was an Elder of Kikubaaqudgha.
             Slain by a seven-headed hydra (11 damage)
             ... on level 2 of the Lair of Beasts.
             The game lasted 00:33:53 (13723 turns).

Alarkh the Dealer of Despair (Mummy Necromancer)   Turns: 13723, Time: 00:33:53

Health: -1/74      AC: 13    Str: 12    XL:     12   Next: 17%
Magic:  17/27      EV: 11    Int: 19    God:    Kikubaaqudgha [****..]
Gold:   964        SH:  0    Dex: 12    Spells: 7 memorised, 6 levels left

rFire  x . .     SeeInvis .     a - +0 quarterstaff (pain)
rCold  + . .     Gourm    .     t - +2 troll leather armour
rNeg   + + +     Faith    .     (shield currently unavailable)
rPois  ∞         Spirit   .     (no helmet)
rElec  .         Reflect  .     d - +2 cloak
rCorr  .         Harm     .     M - +0 pair of gloves
MR     ++...                    o - +2 pair of boots {Stlth+}
Stlth  ++........               (no amulet)
                                C - ring of protection from magic
                                i - +4 ring of slaying

@: death channel, very slightly contaminated
A: no food or potions, fire vulnerability, cold resistance 1, negative energy
resistance 3, torment resistance, unbreathing
a: Receive Corpses, Renounce Religion


You were on level 2 of the Lair of Beasts.
You worshipped Kikubaaqudgha.
Kikubaaqudgha was greatly pleased with you.
You were not hungry.

You visited 3 branches of the dungeon, and saw 14 of its levels.
You also visited: Sewer and Bailey.

You collected 964 gold pieces.

Inventory:

Hand Weapons
 a - a +0 quarterstaff of pain (weapon)
 b - a +5 dagger of venom
Armour
 d - a +2 cloak (worn)
 o - a +2 pair of boots of stealth (worn)
 t - a +2 troll leather armour (worn)
 M - a +0 pair of gloves (worn)
Jewellery
 i - a +4 ring of slaying (left hand)
 C - a ring of protection from magic (right hand)
Wands
 f - a wand of lightning (5/15)
 g - a wand of random effects (12/48)
 D - a wand of teleportation (4/9)
 N - a wand of iceblast (9/15)
 O - a wand of digging (7/24)
Scrolls
 c - 2 scrolls of amnesia
 e - 2 scrolls of identify
 p - 2 scrolls of magic mapping
 r - a scroll of summoning
 s - a scroll of blinking
 F - 3 scrolls of remove curse
 P - 3 scrolls of teleportation
Books
 h - a book of Maledictions

   Spells                             Type                      Level
   a - Corona                         Hexes                        1
   b - Ensorcelled Hibernation        Hexes/Ice                    2
   c - Confuse                        Hexes                        3
   d - Tukima's Dance                 Hexes                        3
   e - Dazzling Spray                 Conjuration/Hexes            3


   Skills:
 + Level 7.8 Staves
 - Level 1.5 Dodging
 - Level 1.5 Stealth
 + Level 11.6 Spellcasting
 + Level 13.0 Necromancy


You had 6 spell levels left.
You knew the following spells:

 Your Spells              Type           Power        Failure   Level  Hunger
a - Vampiric Draining     Necr           ######....   1%          3    N/A
b - Animate Dead          Necr           N/A          1%          4    N/A
c - Control Undead        Necr           ######....   1%          4    N/A
d - Pain                  Necr           ####         1%          1    N/A
e - Dispel Undead         Necr           ######..     1%          5    N/A
r - Excruciating Wounds   Chrm/Necr      #####.....   17%         5    N/A
t - Death Channel         Necr           ######....   10%         6    N/A

Dungeon Overview and Level Annotations

Branches:
Dungeon (11/15)            Temple (1/1) D:6            Lair (2/6) D:11
 Shoals (0/4) Lair:2          Orc (0/2) D:9
  Snake: Lair:2-4    Spider: Lair:2-4

Altars:
Ashenzari
Cheibriados
Dithmenos
Elyvilon
Fedhas
Gozag
Hepliaklqana
Kikubaaqudgha
Makhleb
Nemelex Xobeh
Okawaru
Qazlal
Ru
Sif Muna
Trog
Uskayaw
Vehumet
Xom
Yredelemnul
Zin
The Shining One

Shops:
D:9 (

Annotations:
D:11 Snorg
Lair:1 exclusion: oklob plant
Lair:2 exclusion: 3 oklob plants


Innate Abilities, Weirdness & Mutations

You do not eat or drink.
Your flesh is vulnerable to fire.
You are immune to poison.
Your flesh is cold resistant. (rC+)
You are immune to negative energy. (rN+++)
You are immune to unholy pain and torment.
You can survive without breathing.


Message History

Press: ? - help, Shift-Dir - straight line
Okay, then.
The water moccasin bites the fungus.
Evoke which item? (* to show all) (? for menu, Esc to quit)
Zapping:
f - a wand of lightning (6/15)
Press: ? - help, Shift-Dir - straight line You hear a mighty clap of thunder!
The bolt of lightning hits the seven-headed hydra.
The seven-headed hydra is almost dead.
The bolt of lightning hits the seven-headed hydra.
The seven-headed hydra is almost dead.
This wand has 5 charges left.
The water moccasin bites something.
The seven-headed hydra bites you!
* * * LOW HITPOINT WARNING * * *
The seven-headed hydra bites you!
* * * LOW HITPOINT WARNING * * *
The seven-headed hydra barely misses you.
The seven-headed hydra bites you!
You die...
Kikubaaqudgha rasps: "You have failed me!
Welcome... oblivion!"

......##.###.####..#
......P####.## #..##
......####### ##...#
......###.PP###.P..##
..................#Z#
..................###
.>.##.###..###.##...#
...#### #### ####.###
.....# #@.# .....#
##D# .....# #PS##
......P ##..#
......## ##..#
.......# #P.##
.......# ##.# ## #.##
P......##P######..#


You could see a seven-headed hydra and a water moccasin.

Vanquished Creatures
  Erica (D:8)
  The ghost of dngmouse the Fighter, a novice MiGl (Bailey)
  Sonja (D:11)
  Nergalle (D:10)
  2 hill giants (D:10)
  A manticore (Lair:2)
  A centaur zombie (D:11)
  Joseph (D:9)
  2 spiny frogs (Lair:1)
  A komodo dragon (D:9)
  A polar bear (Lair:2)
  4 trolls
  A two-headed ogre (D:11)
  A hippogriff (D:9)
  Grinder (D:6)
  2 hornets
  Sigmund (D:3)
  3 wyverns
  8 yaks
  A hungry ghost (D:11)
  A steam dragon (D:10)
  Edmund (D:6)
  3 soldier ants
  Duvessa (D:7)
  2 water moccasins
  9 orc warriors
  4 porcupines
  A swamp drake (D:9)
  2 ice beasts
  A necrophage (D:7)
  A black bear (D:6)
  A phantom (D:10)
  7 wolves
  4 ogres
  3 centaurs
  3 crocodiles
  7 big kobolds
  3 bullfrogs
  4 scorpions
  Dowan (D:7)
  4 wights (D:9)
  14 killer bees
  An electric eel (D:11)
  3 howler monkeys
  A bullfrog zombie (D:9)
  7 crimson imps
  2 quasits
  A jelly (D:7)
  A gnoll shaman (D:6)
  10 orc priests
  6 hounds
  A bullfrog skeleton (D:4)
  A centaur skeleton (D:11)
  Terence (D:2)
  10 orc wizards
  10 worker ants
  An iguana (D:4)
  A hound skeleton (D:9)
  A howler monkey zombie (D:8)
  A howler monkey skeleton (D:10)
  2 worker ant zombies
  3 gnolls (D:6)
  20 adders
  A river rat (Sewer)
  3 shadow imps
  4 oozes
  An adder zombie (D:8)
  An adder skeleton (D:4)
  4 worms
  A dart slug (D:1)
  9 leopard geckos
  59 orcs
  14 bats
  2 giant cockroaches
  7 hobgoblins
  4 jackals
  2 quokkas
  5 ball pythons
  6 frilled lizards
  11 goblins
  A jackal skeleton (D:8)
  25 kobolds
  A quokka skeleton (D:4)
  8 rats
  A butterfly (Lair:2)
  A fungus (Lair:2)
367 creatures vanquished.

Vanquished Creatures (collateral kills)
  A spiny frog (Lair:2)
  2 black mambas (Lair:1)
  A hippogriff (Lair:2)
  2 yaks (Lair:2)
  A basilisk (Lair:2)
  2 water moccasins (Lair:2)
  An orc warrior (Bailey)
  2 crocodiles (Lair:1)
  A hound (D:11)
  A worker ant zombie (D:11)
14 creatures vanquished.

Grand Total: 381 creatures vanquished

Notes
Turn   | Place    | Note
-------+----------+-------------------------------------------
     0 | D:1      | Alarkh the Mummy Necromancer began the quest for the Orb.
     0 | D:1      | Reached XP level 1. HP: 13/13 MP: 3/3
   308 | D:1      | Reached XP level 2. HP: 16/19 MP: 1/5
   895 | D:1      | Reached XP level 3. HP: 21/24 MP: 1/7
  1187 | D:2      | Noticed Terence
  1239 | D:2      | Killed Terence
  1239 | D:2      | Reached XP level 4. HP: 25/30 MP: 0/8
  1286 | D:2      | Reached skill level 5 in Necromancy
  1730 | D:2      | Learned a level 3 spell: Vampiric Draining
  1735 | D:2      | Learned a level 4 spell: Control Undead
  1762 | D:3      | Noticed Sigmund
  2009 | D:3      | Killed Sigmund
  2009 | D:3      | Reached skill level 6 in Necromancy
  2009 | D:3      | Reached XP level 5. HP: 23/35 MP: 3/11
  2009 | D:3      | Reached XP level 6. HP: 27/41 MP: 3/12
  2631 | D:3      | You fall through a shaft!
  2956 | D:4      | Reached XP level 7. HP: 46/46 MP: 14/14
  3034 | D:4      | Reached skill level 5 in Spellcasting
  3034 | D:4      | Reached skill level 7 in Necromancy
  3273 | D:5      | Entered Level 5 of the Dungeon
  3651 | D:5      | Found a glowing drain.
  3659 | Sewer    | Entered a sewer
  4062 | Sewer    | Reached XP level 8. HP: 45/52 MP: 17/17
  4081 | Sewer    | Reached skill level 8 in Necromancy
  4502 | D:6      | Noticed Edmund
  4512 | D:6      | Killed Edmund
  4544 | D:6      | Noticed Grinder
  4547 | D:6      | Paralysed by Grinder for 3 turns
  4910 | D:6      | Killed Grinder
  4910 | D:6      | Reached skill level 9 in Necromancy
  4951 | D:6      | Found a staircase to the Ecumenical Temple.
  4961 | Temple   | Entered the Ecumenical Temple
  5137 | Temple   | Became a worshipper of Kikubaaqudgha
  5308 | D:6      | Reached XP level 9. HP: 31/57 MP: 20/20
  5919 | D:7      | Reached skill level 1 in Staves
  5957 | D:7      | Reached * piety under Kikubaaqudgha
  5957 | D:7      | Identified Kikubaaqudgha's Disquisition on Darkness (Kikubaaqudgha gifted it to you on level 7 of the Dungeon)
  5957 | D:7      | Received a gift from Kikubaaqudgha
  6286 | D:7      | Noticed Duvessa
  6286 | D:7      | Noticed Dowan
  6295 | D:7      | Killed Dowan
  6295 | D:7      | Reached skill level 10 in Necromancy
  6303 | D:7      | Killed Duvessa
  6934 | D:8      | Noticed Erica
  6955 | D:8      | HP: 2/57 [something (1)]
  7134 | D:8      | Found a flagged portal.
  7146 | Bailey   | Entered a bailey
  7403 | Bailey   | Noticed dngmouse's ghost (novice MiGl)
  7419 | Bailey   | Learned a level 4 spell: Animate Dead
  7458 | Bailey   | Reached XP level 10. HP: 49/63 MP: 16/23
  7621 | Bailey   | Your ally dngmouse died
  7951 | D:8      | Killed Erica
  7951 | D:8      | Reached ** piety under Kikubaaqudgha
  8169 | D:8      | Reached skill level 11 in Necromancy
  8789 | D:9      | Noticed Joseph
  8903 | D:9      | Found Inehijumn's Weapon Shop.
  8943 | D:9      | Reached skill level 5 in Staves
  9254 | D:9      | Reached skill level 10 in Spellcasting
  9285 | D:9      | Found a staircase to the Orcish Mines.
  9421 | D:9      | Reached *** piety under Kikubaaqudgha
  9421 | D:9      | Identified Kikubaaqudgha's Catalogue of Stolen Souls (Kikubaaqudgha gifted it to you on level 9 of the Dungeon)
  9421 | D:9      | Received a gift from Kikubaaqudgha
  9429 | D:9      | Learned a level 5 spell: Dispel Undead
  9435 | D:9      | Learned a level 5 spell: Excruciating Wounds
  9629 | D:9      | Killed Joseph
  9872 | D:10     | Entered Level 10 of the Dungeon
  9906 | D:10     | Noticed a hill giant
  9915 | D:10     | Killed a hill giant
  9915 | D:10     | Reached XP level 11. HP: 50/68 MP: 11/25
 10605 | D:10     | Reached skill level 12 in Necromancy
 10736 | D:10     | Learned a level 6 spell: Death Channel
 10850 | D:10     | Noticed Nergalle
 10983 | D:10     | Killed Nergalle
 11100 | D:10     | Reached **** piety under Kikubaaqudgha
 11203 | D:10     | Noticed a hill giant
 11215 | D:10     | Killed a hill giant
 11724 | D:11     | Noticed Sonja
 11754 | D:11     | Found a staircase to the Lair.
 11757 | D:11     | Killed Sonja
 11761 | D:11     | Noticed Snorg
 12247 | Lair:1   | Entered Level 1 of the Lair of Beasts
 12292 | Lair:1   | Noticed an oklob plant
 12816 | Lair:1   | Reached XP level 12. HP: 45/74 MP: 21/27
 13297 | Lair:2   | Found a staircase to the Shoals.
 13437 | Lair:2   | Reached skill level 13 in Necromancy
 13663 | Lair:2   | Noticed a seven-headed hydra
 13723 | Lair:2   | Slain by a seven-headed hydra

Skill      XL: |  1  2  3  4  5  6  7  8  9 10 11 12 |
---------------+-------------------------------------+-----
Spellcasting   | 3 4 6 7 9 10 11 | 11.6
Necromancy     | 6 7 9 10 11 12 13 | 13.0
Staves         | 3 5 7 |  7.8
Dodging        | |  1.5
Stealth        | |  1.5

Action                   |  1- 3 |  4- 6 |  7- 9 | 10-12 || total
-------------------------+-------+-------+-------+-------++-------
Melee: Unarmed           |     3 |       |       |       ||     3
       Dagger            |    32 |     3 |    63 |    65 ||   163
       Mace              |       |   137 |   398 |    11 ||   546
       Short sword       |       |       |     1 |       ||     1
       Scimitar          |       |       |       |    92 ||    92
       Quarterstaff      |       |       |       |   335 ||   335
 Cast: Pain              |    50 |    54 |    35 |    46 ||   185
       Vampiric Draining |       |     5 |    66 |   116 ||   187
       Control Undead    |       |       |     1 |     3 ||     4
       Excruciating Woun |       |       |       |    12 ||    12
       Death Channel     |       |       |       |    10 ||    10
       Animate Dead      |       |       |       |     1 ||     1
Invok: Receive Corpses   |       |       |     2 |     2 ||     4
Evoke: Wand              |       |       |     5 |     2 ||     7
  Use: Scroll            |     1 |     6 |    12 |    14 ||    33
 Stab: Sleeping          |     1 |     2 |     8 |     5 ||    16
       Distracted        |       |       |     1 |     2 ||     3
Armor: Robe              |    16 |    65 |       |    72 ||   153
       Leather armour    |       |     8 |   310 |    51 ||   369
       Troll leather arm |       |       |       |   174 ||   174
       Ring mail         |       |       |       |     8 ||     8
Dodge: Dodged            |    44 |   150 |   375 |   471 ||  1040
       Rpst.: Scimitar   |       |       |       |    25 ||    25
